 Dungeon Crawl Stone Soup version 0.31-a0-1227-g0136665373 (webtiles) character file.

Game seed: 4438147960924275740

750 fireball365 the Chopper (level 7, 0/61 HPs)
             Began as a Hill Orc Fighter on Dec 14, 2023.
             Was an Initiate of Gozag.
             Succumbed to Duvessa's poison
             ... on level 5 of the Dungeon.
             The game lasted 00:06:06 (4131 turns).

fireball365 the Chopper (Hill Orc Fighter)          Turns: 4131, Time: 00:06:07

Health: 0/61       AC: 10    Str: 21    XL:     7   Next: 78%
Magic:  7/7        EV: 10    Int:  8    God:    Gozag
Gold:   225        SH:  4    Dex: 10    Spells: 6/6 levels left

rFire   . . .        a - +0 war axe
rCold   . . .        c - +0 buckler
rNeg    . . .        b - +0 scale mail
rPois   .            (no helmet)
rElec   .            j - +0 cloak
rCorr   .            (no gloves)
SInv    .            i - +0 pair of boots
Will    .....        (no amulet) Stlth
                     (no ring)
HPRegen 0.30/turn    (no ring)
MPRegen 0.10/turn

%: no passive effects
@: lethally poisoned (0 -> -22)
A: no striking features
a: Renounce Religion, Potion Petition, Call Merchant, Bribe Branch


You were on level 5 of the Dungeon.
You worshipped Gozag.
Gozag was aware of your devotion.
You visited 2 branches of the dungeon, and saw 6 of its levels.

You collected 331 gold pieces.
You paid 106 gold pieces to Gozag.

Inventory:

Hand Weapons
 a - a +0 war axe (weapon)
Missiles
 m - 2 poisoned darts
 n - 8 boomerangs
Armour
 b - a +0 scale mail (worn)
 c - a +0 buckler (worn)
 i - a +0 pair of boots (worn)
 j - a +0 cloak (worn)
Wands
 t - a wand of light (14)
 v - a wand of roots (6)
Scrolls
 f - a scroll of amnesia
 h - a scroll of acquirement
 k - 4 scrolls of fear
 l - 3 scrolls of identify
 o - 3 scrolls of teleportation {unknown}
 q - a scroll of vulnerability {unknown}
 r - a scroll of revelation
 s - a scroll of butterflies {unknown}
Potions
 d - a potion of might
 e - a potion of invisibility
 g - a potion of curing
 p - a potion of brilliance {unknown}
 u - 2 potions of enlightenment
 w - a potion of berserk rage {unknown}


   Skills:
 + Level 5.5 Fighting
 + Level 7.2 Axes
 + Level 5.6 Armour
 + Level 1.7 Dodging
 + Level 0.2 Stealth
 + Level 4.2 Shields


You had 6 spell levels left.
You didn't know any spells.
Your spell library contained the following spells:

 Spells                   Type           Power      Damage    Failure   Level
 Tukima's Dance           Hex            0%         N/A       99%         3
 Passage of Golubria      Tloc           0%         N/A       100%        4
 Yara's Violent Unravell  Hex/Tmut       0%         3d3       100%        5


Dungeon Overview and Level Annotations

Branches:
Dungeon (5/15)             Temple (1/1) D:5

Altars:
Ashenzari
Cheibriados
Dithmenos
Elyvilon
Fedhas
Gozag
Hepliaklqana
Kikubaaqudgha
Makhleb
Nemelex Xobeh
Okawaru
Qazlal
Sif Muna
Trog
Uskayaw
Vehumet
Wu Jian
Xom
Yredelemnul
Zin
The Shining One

Annotations:
D:5 Duvessa


Message History

Duvessa hits you with a +0 short sword of venom!
You are lethally poisoned!
Duvessa hits you but does no damage.
You are more poisoned.
You hit Duvessa but do no damage.
Duvessa is severely wounded.
* * * LOW HITPOINT WARNING * * *
You feel extremely sick. Duvessa barely misses you.
You feel better. Duvessa closely misses you. x2
You closely miss Duvessa.
Duvessa is severely wounded.
Duvessa closely misses you.
Duvessa hits you with a +0 short sword of venom.
You are poisoned.
You slash Duvessa!
Duvessa is almost dead.
You feel very sick. Duvessa barely misses you.
You barely miss Duvessa.
Duvessa is almost dead.
You feel very sick. Duvessa barely misses you.
Duvessa hits you with a +0 short sword of venom.
* * * LOW HITPOINT WARNING * * *
You are lethally poisoned!
You feel better.
Duvessa hits you with a +0 short sword of venom.
* * * LOW HITPOINT WARNING * * *
You are poisoned.
Duvessa hits you with a +0 short sword of venom!
* * * LOW HITPOINT WARNING * * *
You are more poisoned.
Aiming: Bolt of Light
Press: ? - help, Q - select action, (/) - cycle Shift-Dir - straight line The bolt of light hits Duvessa.
Duvessa is almost dead.
Duvessa is blinded.
You die...
Your body crumbles into a pile of gold.

.##..............#
.......§§...#.#..# .#
.......§..+......# .#
...........#.....# .#
...........#####.##.####
.....#..##.# #.#.....
...........# #.#...#
.####.###### #e#...# .#
#.# #@.$..+ .# #.#
#.....# .# #.# ...#.#.#
.# ### #>..#.# # .. ...
#.#.#.# ### ..#.#.# #.#
...#.#.# #.# ... #.#..
#.#


You could see Duvessa (berserk, blind).

Vanquished Creatures
  2 ogres (D:5)
  3 phantoms
  Dowan (D:5)
  A howler monkey (D:4)
  An orc priest (D:3)
  A gnoll bouda (D:4)
  Natasha (thrice) (D:4)
  3 gnolls (D:4)
  3 adders
  2 worms (D:3)
  3 dart slugs
  11 orcs
  6 bats
  8 endoplasms
  5 giant cockroaches
  6 goblins
  7 hobgoblins
  4 jackals (D:1)
  6 kobolds
  2 quokkas
  5 ball pythons
  2 frilled lizards
  5 rats
90 creatures vanquished.

Notes
Turn   | Place    | Note
-------+----------+-------------------------------------------
     0 | D:1      | fireball365 the Hill Orc Fighter began the quest for the
                  | Orb.
     0 | D:1      | Reached XP level 1. HP: 19/19 MP: 1/1
   189 | D:1      | Reached XP level 2. HP: 27/27 MP: 2/2
   497 | D:1      | Reached XP level 3. HP: 26/33 MP: 3/3
   574 | D:1      | Reached skill level 3 in Axes
   662 | D:1      | Found a faded altar of an unknown god.
  1309 | D:2      | Reached XP level 4. HP: 40/40 MP: 4/4
  2381 | D:3      | Identified a scroll of acquirement
  2383 | D:4      | Noticed a phantom
  2388 | D:4      | Noticed a phantom
  2407 | D:3      | Killed a phantom
  2408 | D:3      | Reached skill level 4 in Axes
  2408 | D:3      | Reached skill level 1 in Dodging
  2408 | D:3      | Reached XP level 5. HP: 41/47 MP: 5/5
  2451 | D:4      | Killed a phantom
  2452 | D:4      | Reached skill level 5 in Axes
  2452 | D:4      | Reached XP level 6. HP: 46/53 MP: 6/6
  2515 | D:4      | Noticed Natasha
  2528 | D:4      | Killed Natasha
  2784 | D:4      | Noticed Natasha
  2791 | D:4      | Killed Natasha
  2989 | D:4      | Reached skill level 5 in Fighting
  2989 | D:4      | Reached skill level 6 in Axes
  2989 | D:4      | Reached XP level 7. HP: 37/61 MP: 7/7
  3264 | D:4      | Found a stormy altar of Qazlal.
  3269 | D:4      | Found an iron altar of Okawaru.
  3274 | D:4      | Found a hide-covered altar of Uskayaw.
  3378 | D:4      | Noticed Natasha
  3390 | D:4      | Killed Natasha
  3467 | D:5      | Entered Level 5 of the Dungeon
  3546 | D:5      | Reached skill level 7 in Axes
  3546 | D:5      | Reached skill level 5 in Armour
  4041 | D:5      | Found a staircase to the Ecumenical Temple.
  4053 | Temple   | Entered the Ecumenical Temple
  4061 | Temple   | Became a worshipper of Gozag Ym Sagoz the Greedy
  4112 | D:5      | Noticed Duvessa
  4112 | D:5      | Noticed Dowan
  4121 | D:5      | Killed Dowan
  4131 | D:5      | Succumbed to Duvessa's poison

Illustrated notes

Levels and vault maps discovered:
D:1:      tarquinn_simple_flora_water_b, layout_loops_corners,
          shapermc_ecumenical_altar_mp_vishouse, minmay_crystal_water
D:2:      layout_loops_ring, nicolae_underground_beach
D:3:      layout_basic
D:4:      layout_layer_cave, grunt_temple_overflow_diamond, uniq_natasha
D:5:      kennysheep_steamy, layout_basic, minmay_temple_entry_purple_smoke,
          serial_co_window_serial, co_window_paths_a, co_window_paths_a,
          co_window_of_opportunity_a, co_window_paths_a,
          co_window_of_opportunity_a, co_window_cross_1, co_window_corner_a,
          co_window_cross_2, co_window_unsneaky_path_a, co_window_broadway_a,
          co_window_of_opportunity_c, co_window_unsneaky_path_e,
          co_window_2corner, co_window_paths_c, glass_columns_a,
          glass_columns_a, glass_columns_b, glass_columns_a, glass_columns_c,
          dk_rats_in_the_wall, uniq_duvessa
Temple:   regret_index_temple_chain_breaker

Skill      XL: |  1  2  3  4  5  6  7 |
---------------+----------------------+-----
Fighting       | 4 5 |  5.5
Axes           | 3 4 5 6 7 |  7.2
Armour         | 4 5 |  5.6
Dodging        | 1 |  1.7
Shields        | 4 |  4.2
Stealth        | |  0.2

Action                     |  1- 3 |  4- 6 |  7- 9 || total
---------------------------+-------+-------+-------++-------
  Melee: War axe           |    87 |   113 |    64 ||   264
  Evoke: Wand              |       |       |     1 ||     1
    Use: Scroll            |     2 |     7 |       ||     9
         Potion            |       |     2 |     2 ||     4
 Armour: Scale mail        |    90 |   124 |    61 ||   275
  Dodge: Dodged            |    51 |    84 |    42 ||   177
  Block: Buckler           |    39 |    41 |    16 ||    96

Table legend: (Time is in decaauts)
 A = Elapsed time spent in this place.
 B = Non-inter-level travel time spent in this place.
 C = Inter-level travel time spent in this place.
 D = Time resting spent in this place.
 E = Time spent auto-exploring this place.
 F = Levels seen in this place.
 G = Mean time per level.
                   A        B        C        D        E       F      G
               +--------+--------+--------+--------+--------+-----+--------+
         Total |   4227 |   4105 |    122 |      0 |   2843 |   6 |  704.5 |
       Dungeon |   4214 |   4096 |    118 |      0 |   2843 |   5 |  842.8 |
        Temple |     13 |      9 |      4 |      0 |      0 |   1 |   13.0 |
               +--------+--------+--------+--------+--------+-----+--------+

Top non-repeatable levels by time:
     D:1: 1077 daAuts
     D:4: 913 daAuts
     D:3: 793 daAuts
     D:2: 772 daAuts
     D:5: 657 daAuts
  Temple: 13 daAuts
